 Dungeon Crawl Stone Soup version 0.19-a0-944-gb338e1e (webtiles) character file.

6409 matakusis the Fighter (level 10, 0/85 HPs)
             Began as a Demonspawn Gladiator on July 9, 2016.
             Was an Elder of Hepliaklqana.
             Slain by an orange demon (3 damage)
             ... summoned by a kobold demonologist
             ... on level 10 of the Dungeon.
             The game lasted 00:36:44 (10382 turns).

matakusis the Fighter (Demonspawn Gladiator)       Turns: 10382, Time: 00:36:45

Health: 0/85       AC:  4    Str: 15    XL:     10   Next: 66%
Magic:  11/11      EV: 18    Int: 11    God:    Hepliaklqana [****..]
Gold:   313        SH:  9    Dex: 25    Spells: 0 memorised, 9 levels left

rFire  . . .     SeeInvis .     a - +1 long sword
rCold  . . .     Gourm    .     b - +1 leather armour
rNeg   . . .     Faith    .     J - +0 shield
rPois  .         Spirit   .     (helmet restricted)
rElec  +         Dismiss  .     K - -4 cloak of a labyrinth {Dex+9}
rCorr  .         Reflect  .     (no gloves)
SustAt .         Harm     .     (no boots)
MR     .....                    (no amulet)
Stlth  ++........               (no ring)
                                (no ring)

@: lethally poisoned (0 -> -7), not resistant to hostile enchantments,
unstealthy
A: horns 2, slimy green scales 2, blink, demonic guardian 2, high mp 1,
electricity resistance
a: Blink, Recall Ancestor, Ancestor Identity, Transference, Idealise, Renounce
Religion


You were on level 10 of the Dungeon.
You worshipped Hepliaklqana.
Hepliaklqana was greatly pleased with you.
You were not hungry.

You visited 2 branches of the dungeon, and saw 11 of its levels.
You also visited: Sewer.

You collected 529 gold pieces.
You spent 216 gold pieces at shops.

Inventory:

Hand Weapons
 a - a +1 long sword (weapon)
 F - the +4 whip "Undertaker" {freeze, rF+ MR+ SInv}
   (You found it on level 8 of the Dungeon)

   It has been specially enchanted to freeze those struck by it, causing extra
   injury to most foes and up to half again as much damage against particularly
   susceptible opponents.
   It can also slow down cold-blooded creatures.
   It protects you from fire.
   It affects your resistance to hostile enchantments.
   It lets you see invisible.
Missiles
 d - 5 throwing nets (quivered)
 D - 5 steel tomahawks
Armour
 b - a +1 leather armour (worn)
 J - a +0 shield (worn)
 K - the -4 cloak of a labyrinth (worn) {Dex+9}
   (You found it on level 9 of the Dungeon)

   It affects your dexterity (+9).
Wands
 c - a wand of acid (3/15)
 v - a wand of flame (23/48)
 z - a wand of confusion (32/48)
 B - a wand of polymorph (9/24)
 I - a wand of digging (1/24)
 L - a wand of flame (17/48)
Scrolls
 h - 3 scrolls of recharging
 i - 9 scrolls of remove curse
 n - 2 scrolls of teleportation
 w - 3 scrolls of blinking
 x - a scroll of fog
 y - 2 scrolls of enchant weapon
 E - a scroll of enchant armour
 H - a scroll of fear {unknown}
Potions
 e - a potion of curing
 j - 3 potions of brilliance
 k - a potion of flight
 l - 2 potions of haste
 m - a potion of cancellation
 q - 2 potions of lignification
 s - 9 potions of might
 u - a potion of invisibility
 A - a potion of agility
 C - a potion of cure mutation
 G - a potion of ambrosia {unknown}
 M - 2 potions of degeneration
 N - a potion of heal wounds
Comestibles
 f - 6 bread rations
 g - 4 beef jerkies
 o - 27 fruits
 p - 6 meat rations
 r - 2 slices of pizza
 t - 3 chunks of flesh


   Skills:
 * Level 10.0 Fighting
 + Level 7.6 Long Blades
 - Level 1.7 Throwing
 + Level 4.2 Armour
 + Level 8.8 Dodging
 * Level 1.2 Shields


You had 9 spell levels left.
You didn't know any spells.

Dungeon Overview and Level Annotations

Branches:
Dungeon (10/15)            Temple (1/1) D:7            Lair (0/6) D:8
    Orc (0/2) D:9

Altars:
Ashenzari
Cheibriados
Dithmenos
Elyvilon
Fedhas
Gozag
Hepliaklqana
Kikubaaqudgha
Makhleb
Nemelex Xobeh
Okawaru
Pakellas
Qazlal
Ru
Sif Muna
Trog
Uskayaw
Vehumet
Xom
Yredelemnul
Zin
The Shining One

Shops:
D:8 ?


Innate Abilities, Weirdness & Mutations

You have a pair of horns on your head.
You are mostly covered in slimy green scales. (AC +3)
A demonic guardian rushes to your aid.
You can translocate small distances at will.
You have an increased reservoir of magic. (+10% MP)
You are resistant to electric shocks. (rElec)


Message History

Okay, then.
The kobold demonologist hits Tenoch but does no damage.
Tenoch misses the kobold demonologist.
The orange demon stings you from afar!
* * * LOW HITPOINT WARNING * * *
You are lethally poisoned!
The orange demon poisons you!
A kobold comes into view. It is wielding a whip.
* * * LOW HITPOINT WARNING * * *
You feel sick.
The kobold moves out of view.
The kobold demonologist looks braver for a moment.
You block the orange demon's attack.
Tenoch closely misses the kobold demonologist.
A big kobold comes into view.
You see here a potion of heal wounds.
N - a potion of heal wounds
* * * LOW HITPOINT WARNING * * *
You feel sick.
The kobold demonologist hits Tenoch but does no damage.
The orange demon stings you from afar.
You die...

#.# #. ##.##
#.###(..######
#(..((........
#.....#..()..$####.
#.### #..((.....[..
#...()..####
#....)...#
#...@.().###
#....)4)†..#
#....R.)...#
##.###K##### #. #K#
#. #3K # ###. .. ..


You could see the friendly Tenoch the knight, a sun demon, an orange demon, a
kobold demonologist and 2 big kobolds.

Vanquished Creatures
  A troll (D:10)
  A blink frog (D:8)
  2 hippogriffs
  A black bear (D:9)
  A sky beast (D:5)
  4 ogres
  3 centaurs
  2 giant frogs
  4 big kobolds
  3 gnoll sergeants (D:9)
  A wyvern zombie (D:8)
  5 scorpions
  4 killer bees
  3 howler monkeys
  2 crimson imps (D:5)
  A giant frog zombie (D:6)
  The ghost of Amnesiac the Magician, a weakling DEWz (D:4)
  4 jellies
  3 hounds
  A giant frog skeleton (D:5)
  2 orc priests
  A centaur skeleton (D:4)
  6 orc wizards
  An iguana (D:6)
  A hound zombie (D:7)
  9 adders
  9 gnolls
  3 shadow imps
  An ooze (D:1)
  2 adder zombies (D:5)
  4 worms
  A dart slug (D:1)
  8 giant geckos
  32 orcs
  4 giant cockroaches
  8 goblins
  4 hobgoblins
  6 jackals (Sewer)
  19 kobolds
  A sheep (D:5)
  4 ball pythons
  9 bats
  7 giant newts
  9 rats
  7 plants (Sewer)
205 creatures vanquished.

Vanquished Creatures (collateral kills)
  The ghost of tstbtto the Carver, a novice MiFi of Cheibriados (D:5)
  A troll (D:9)
  A blink frog (D:8)
  A wyvern (D:9)
  A yak (D:8)
  3 orc warriors (D:9)
  2 centaurs
  5 ogres
  11 big kobolds (D:10)
  2 giant frogs (D:8)
  2 gnoll sergeants
  2 killer bees
  3 wights (D:6)
  A crimson imp (D:9)
  A giant frog skeleton (D:8)
  A jelly (D:5)
  An orc priest (D:9)
  Ijyb (D:3)
  5 orc wizards
  3 worker ants
  5 gnolls
  4 adders
  A shadow imp (D:9)
  An adder skeleton (D:4)
  15 orcs
  A giant cockroach (D:3)
  A hobgoblin (D:3)
  2 jackals (Sewer)
  A quokka (D:5)
  A ball python (Sewer)
  3 kobolds
  A rat (D:6)
  A plant (Sewer)
85 creatures vanquished.

Grand Total: 290 creatures vanquished

Notes
Turn   | Place    | Note
-------+----------+-------------------------------------------
     0 | D:1      | matakusis the Demonspawn Gladiator began the quest for the Orb.
     0 | D:1      | Reached XP level 1. HP: 16/16 MP: 1/1
   207 | D:1      | Gained mutation: You have a pair of small horns on your head. [demonic ancestry]
   207 | D:1      | Reached XP level 2. HP: 21/22 MP: 2/2
   638 | D:1      | Reached XP level 3. HP: 24/28 MP: 3/3
  1429 | D:2      | Found an iron altar of Okawaru.
  1440 | D:2      | Reached skill level 1 in Armour
  1440 | D:2      | Reached XP level 4. HP: 25/34 MP: 4/4
  1467 | D:2      | Found a white marble altar of Elyvilon.
  1805 | D:2      | Found a hazy altar of Hepliaklqana.
  1817 | D:2      | Became a worshipper of Hepliaklqana
  2459 | D:3      | Noticed Ijyb
  2477 | D:3      | Killed Ijyb
  2477 | D:3      | Reached skill level 3 in Fighting
  2575 | D:3      | Found a faded altar of an unknown god.
  2588 | D:3      | Reached * piety under Hepliaklqana
  2705 | D:4      | Found a glowing golden altar of the Shining One.
  2731 | D:4      | Noticed Amnesiac's ghost (weakling DEWz)
  2737 | D:4      | Killed Amnesiac's ghost
  2737 | D:4      | Gained mutation: A weak demonic guardian rushes to your aid. [demonic ancestry]
  2737 | D:4      | Reached XP level 5. HP: 34/41 MP: 5/5
  2799 | D:4      | Reached XP level 6. HP: 9/47 MP: 6/6
  3149 | D:4      | Found a blossoming altar of Fedhas.
  3530 | D:4      | Gained mutation: You have a pair of horns on your head. [potion of mutation]
  3530 | D:4      | Gained mutation: You are resistant to electric shocks. (rElec) [potion of mutation]
  3530 | D:4      | Gained mutation: You have an increased reservoir of magic. (+10% MP) [potion of mutation]
  3562 | D:5      | Entered Level 5 of the Dungeon
  3603 | D:5      | Found a shimmering altar of Xom.
  3645 | D:5      | Reached skill level 4 in Fighting
  3719 | D:5      | Noticed a sky beast
  3727 | D:5      | Killed a sky beast
  3727 | D:5      | Gained mutation: A demonic guardian rushes to your aid. [demonic ancestry]
  3727 | D:5      | Reached XP level 7. HP: 35/54 MP: 7/7
  3950 | D:5      | Reached skill level 5 in Dodging
  4259 | D:5      | Reached skill level 5 in Fighting
  4323 | D:5      | Found a burning altar of Makhleb.
  4411 | D:5      | Reached ** piety under Hepliaklqana
  4412 | D:5      | Remembered your ancestor Tenoch as a knight
  4600 | D:5      | Noticed tstbtto's ghost (novice MiFi)
  4605 | D:5      | Killed tstbtto's ghost
  4605 | D:5      | Reached XP level 8. HP: 59/64 MP: 8/8
  4659 | D:5      | Reached skill level 5 in Long Blades
  4929 | D:6      | Reached skill level 6 in Fighting
  4936 | D:6      | Found a hide-covered altar of Uskayaw.
  5058 | D:6      | Found a glowing silver altar of Zin.
  5099 | D:6      | Found a bloodstained altar of Trog.
  5197 | D:6      | Found a glowing drain.
  5204 | Sewer    | Entered a sewer
  6976 | D:7      | Gained mutation: You are partially covered in slimy green scales. (AC +2) [demonic ancestry]
  6976 | D:7      | Reached XP level 9. HP: 54/71 MP: 9/9
  7021 | D:7      | Reached *** piety under Hepliaklqana
  7027 | D:7      | Reached skill level 7 in Fighting
  7069 | D:7      | Found a staircase to the Ecumenical Temple.
  7081 | Temple   | Entered the Ecumenical Temple
  7507 | D:7      | Found a stormy altar of Qazlal.
  7735 | D:8      | Found Pomuon's Magic Scroll Shop.
  7774 | D:8      | Bought a scroll of enchant armour for 90 gold pieces
  7774 | D:8      | Bought a scroll of blinking for 90 gold pieces
  7774 | D:8      | Bought a scroll of teleportation for 36 gold pieces
  7787 | D:8      | Found a staircase to the Lair.
  8169 | D:8      | Got a jewelled whip
  8170 | D:8      | Identified the +4 whip "Undertaker" {freeze, rF+ MR+ SInv} (You found it on level 8 of the Dungeon)
  8242 | D:8      | Reached skill level 8 in Fighting
  8394 | D:8      | Gained mutation: You can translocate small distances at will. [potion of beneficial mutation]
  9225 | D:9      | Gained mutation: You are mostly covered in slimy green scales. (AC +3) [demonic ancestry]
  9225 | D:9      | Reached XP level 10. HP: 43/82 MP: 11/11
  9481 | D:9      | Found an opulent altar of Gozag.
  9611 | D:9      | Got a fine cloak
  9617 | D:9      | Identified the cursed -4 cloak of a labyrinth {Dex+9} (You found it on level 9 of the Dungeon)
  9648 | D:9      | Reached **** piety under Hepliaklqana
  9789 | D:9      | Found a staircase to the Orcish Mines.
  9811 | D:9      | Reached skill level 9 in Fighting
 10170 | D:10     | Entered Level 10 of the Dungeon
 10359 | D:10     | Reached skill level 1 in Shields
 10363 | D:10     | Reached skill level 10 in Fighting
 10374 | D:10     | Noticed a sun demon
 10380 | D:10     | Noticed an orange demon
 10381 | D:10     | HP: 4/85 [poisoned by an orange demon]
 10382 | D:10     | Slain by an orange demon

Vault maps used:
D:1:      zaba_arrival_water, minmay_tall_x
D:2:      elyvilon_altar_5, okawaru_gym_becter, lemuel_crystal_altar,
          grunt_decor_one_mirror, minmay_tree_intersection
D:3:      ecumenical_altar_2, uniq_iyjb
D:4:      kennysheep_mini, tso_metal_star, first_bread
D:5:      lemuel_doored_altar, dk_xom_monty_hall
D:6:      zin_statuary, overflow_temple_1_default, overflow_temple_1_default,
          gup_sewer_entry_bubbles, kennysheep_nub
D:7:      nicolae_overflow_hidden_temple, grunt_ministairs_13, sigmund_army
D:8:      dpeg_lair_monsters, serial_shops, shop
D:9:      lemuel_crystal_altar, kennysheep_orc_monster_closet_entryway,
          blue_anna_alchemist
D:10:     special_room, enter_trove_6
Temple:   jpeg_temple_clearing
Sewer:    sewer_co_scattered_pipes

Skill      XL: |  1  2  3  4  5  6  7  8  9 10 |
---------------+-------------------------------+-----
Long Blades    | 3 4 5 6 7 |  7.6
Dodging        | 3 4 5 6 8 |  8.8
Armour         | 1 2 3 4 |  4.2
Fighting       | 3 4 5 6 8 10 | 10.0
Shields        | 1 |  1.2
Throwing       | |  1.7

Action                   |  1- 3 |  4- 6 |  7- 9 | 10-12 || total
-------------------------+-------+-------+-------+-------++-------
Melee: Long sword        |   129 |   177 |   528 |   131 ||   965
       Headbutt          |     7 |    26 |   127 |    49 ||   209
Invok: Ancestor Life: Kn |       |       |     1 |       ||     1
       Recall Ancestor   |       |       |     2 |     4 ||     6
  Use: Potion            |     3 |     2 |     5 |     3 ||    13
       Scroll            |       |    17 |     7 |     3 ||    27
 Stab: Distracted        |       |     2 |       |     2 ||     4
       Sleeping          |       |       |     3 |     1 ||     4
  Eat: Chunk             |     1 |     8 |    19 |     3 ||    31
       Royal jelly       |       |       |       |     1 ||     1
Armor: Leather armour    |    27 |    21 |    63 |    21 ||   132
Dodge: Dodged            |    70 |   125 |   292 |    97 ||   584
Block: Shield            |       |       |       |    18 ||    18
